 Dungeon Crawl Stone Soup version 0.30-b1-2-g02819fbbbe (webtiles) character file.

Game seed: 14881882234222303824

14 LLlMATKO the Chopper (level 2, 0/27 HPs)
             Began as a Minotaur Berserker on Sept 17, 2023.
             Was a Follower of Trog.
             Slain by a hobgoblin (1 damage)
             ... on level 1 of the Dungeon.
             The game lasted 00:00:28 (218 turns).

LLlMATKO the Chopper (Minotaur Berserker)            Turns: 218, Time: 00:00:28

Health: 0/27       AC:  2    Str: 21    XL:     2   Next: 31%
Magic:  1/1        EV: 12    Int:  4    God:    Trog [*.....]
Gold:   15         SH:  0    Dex:  9    Spells: 1/1 levels left

rFire   . . .        a - +0 hand axe
rCold   . . .        (no shield)
rNeg    . . .        b - +0 animal skin
rPois   .            (helmet restricted)
rElec   .            (no cloak)
rCorr   .            (no gloves)
SInv    .            (no boots)
Will    .....        (no amulet)
Stlth   +            (no ring)
HPRegen 0.24/turn    (no ring)
MPRegen 0.07/turn

%: no passive effects
@: no status effects
A: horns 2, retaliatory headbutt
a: Renounce Religion, Berserk


You were on level 1 of the Dungeon.
You worshipped Trog.
Trog was aware of your devotion.
You visited 1 branch of the dungeon, and saw 1 of its levels.

You collected 15 gold pieces.

Inventory:

Hand Weapons
 a - a +0 hand axe (weapon)
Armour
 b - a +0 animal skin (worn)
Scrolls
 c - 2 scrolls of immolation {unknown}
 e - a scroll of fear {unknown}
 f - a scroll of blinking {unknown}
Potions
 d - a potion of haste {unknown}


   Skills:
 + Level 3.8 Fighting
 + Level 3.9 Axes
 + Level 2.8 Armour
 + Level 2.5 Dodging


You had one spell level left.
You didn't know any spells.
Your spell library was empty.

Dungeon Overview and Level Annotations

Branches:
Dungeon (1/15)

Altars:


Innate Abilities, Weirdness & Mutations

You have a pair of horns on your head.
You reflexively headbutt those who attack you in melee.


Message History

The hobgoblin hits you but does no damage.
Unknown command.
Unknown command.
Nothing quivered!
Save game and exit?
Okay, then.
Okay, then.
You hit the endoplasm.
The endoplasm is heavily wounded.
You hit the hobgoblin but do no damage. The endoplasm freezes you.
You are frozen.
The hobgoblin misses you.
You are too injured to fight recklessly!
The endoplasm freezes you.
You are frozen.
The hobgoblin closely misses you. The endoplasm hits you.
The hobgoblin hits you. The endoplasm freezes you.
You are frozen.
* * * LOW HITPOINT WARNING * * *
The hobgoblin hits you.
* * * LOW HITPOINT WARNING * * *
The endoplasm hits you but does no damage.
The hobgoblin completely misses you. The endoplasm hits you.
* * * LOW HITPOINT WARNING * * *
The hobgoblin completely misses you. The endoplasm misses you.
You furiously retaliate!
You headbutt the endoplasm!
You kill the endoplasm!
Trog accepts your kill. The hobgoblin closely misses you.
You furiously retaliate!
You headbutt the hobgoblin. The hobgoblin misses you. The hobgoblin misses you.
The hobgoblin hits you.
* * * LOW HITPOINT WARNING * * *
The hobgoblin hits you.
* * * LOW HITPOINT WARNING * * *
The hobgoblin barely misses you. The hobgoblin hits you.
You die...

.## ..#### # #.##.## #)#
#.....## #+# ...#
#......###.# ##...
#.......##.#
#.#...##........#.##
#..#.)@?......#...#####
#[.#.#g#......#.........
###.......#....###.
.......#.##.##.#.###.
#####.##.##.##.#.##..
#.##.............
#.#####.##.#.###. #.#
#.##.#..... #.
...#.######


You could see a hobgoblin.

Vanquished Creatures
  A ball python (D:1)
  2 endoplasms (D:1)
  A hobgoblin (D:1)
  4 jackals (D:1)
  2 bats (D:1)
  A kobold (D:1)
  A rat (D:1)
12 creatures vanquished.

Notes
Turn   | Place    | Note
-------+----------+-------------------------------------------
     0 | D:1      | LLlMATKO the Minotaur Berserker began the quest for the
                  | Orb.
     0 | D:1      | Reached XP level 1. HP: 19/19 MP: 0/0
   128 | D:1      | Reached XP level 2. HP: 27/27 MP: 1/1
   216 | D:1      | HP: 1/27 [hobgoblin (1)]
   218 | D:1      | Slain by a hobgoblin

Illustrated notes

Levels and vault maps discovered:
D:1:      shiori_arrival_elements, layout_loops_corners,
          chequers_serial_rivers_micro_a, minmay_octomino_e4

Action                     || total
---------------------------++-------
  Melee: Hand axe          ||    15
         Headbutt          ||     3
 Armour: Animal skin       ||     6
  Dodge: Dodged            ||    19
